 Dungeon Sprint DCSS version 0.31-a0-851-g7ff8af7976 (webtiles) character file.

Game seed: 2488156064250285462

940 sircluck the Cleaver (level 8, -1/82 HPs)
             Began as a Hill Orc Fighter on Oct 7, 2023.
             Was a Follower of Fedhas.
             Slain by a chaos spawn (8 damage)
             ... summoned by a kobold demonologist
             ... in the Dungeon (Sprint I: "Red Sonja").
             The game lasted 00:01:07 (396 turns).

sircluck the Cleaver (Hill Orc Fighter)              Turns: 396, Time: 00:01:08

Health: -1/82      AC:  4    Str: 21      XL:     8   Next: 12%
Magic:  8/8        EV:  9    Int:  8      God:    Fedhas [*.....]
Gold:   416        SH:  6    Dex:  9 (10) Spells: 7/7 levels left

rFire   . . .        a - +0 war axe
rCold   . . .        c - +0 buckler
rNeg    . . .        b - +0 scale mail
rPois   .            (no helmet)
rElec   .            (no cloak)
rCorr   .            (no gloves)
SInv    .            (no boots)
Will    .....        (no amulet) Stlth
                     (no ring)
HPRegen 0.33/turn    (no ring)
MPRegen 0.11/turn

%: no teleportation
@: lethally poisoned (-1 -> -8), corroded
A: no striking features
a: Renounce Religion


You were in the Dungeon.
You worshipped Fedhas.
Fedhas was aware of your devotion.
You visited 1 branch You collected 416 gold pieces.

Inventory:

Hand Weapons
 a - a +0 war axe (weapon)
Missiles
 l - 4 stones
Armour
 b - a +0 scale mail (worn)
 c - a +0 buckler (worn)
Wands
 k - a wand of polymorph (3)
Scrolls
 j - a scroll of blinking
Potions
 d - a potion of might
 e - a potion of curing
 f - a potion of heal wounds
 g - a potion of haste
 h - 2 potions of magic
 i - a potion of berserk rage


   Skills:
 + Level 11.0 Fighting
 + Level 11.6 Axes
 + Level 10.1 Armour
 + Level 10.1 Shields


You had 7 spell levels left.
You didn't know any spells.
Your spell library was empty.

Dungeon Overview and Level Annotations

Branches:
Dungeon (1/1)

Altars:
Cheibriados
Dithmenos
Elyvilon
Fedhas
Gozag
Hepliaklqana
Kikubaaqudgha
Makhleb
Nemelex Xobeh
Okawaru
Qazlal
Ru
Sif Muna
Trog
Uskayaw
Vehumet
Wu Jian
Xom
Yredelemnul
Zin
The Shining One
Jiyva
Lugonu

Shops:
D ?


Message History

The white imp sputters.
You block the chaos spawn's attack.
The crimson imp grinds its teeth.
The kobold demonologist miscasts a cantrip.
You hit the kobold demonologist but do no damage.
The kobold demonologist is heavily wounded.
You completely miss the chaos spawn. The chaos spawn barely misses you.
The kobold demonologist hits you with a +0 dagger.
You barely miss the kobold demonologist.
The kobold demonologist is heavily wounded.
You barely miss the chaos spawn. You block the chaos spawn's attack.
The kobold demonologist closely misses you.
You hit the kobold demonologist but do no damage.
The kobold demonologist is heavily wounded.
You closely miss the chaos spawn. The chaos spawn gores you!
The chaos spawn draws strength from your injuries!
The kobold demonologist completely misses you.
You barely miss the kobold demonologist.
The kobold demonologist is heavily wounded.
You hit the chaos spawn but do no damage.
The chaos spawn gores you.
You are poisoned.
The chaos spawn poisons you!
The kobold demonologist closely misses you.
Unknown command.
You barely miss the kobold demonologist.
The kobold demonologist is heavily wounded.
You hit the chaos spawn but do no damage.
You feel very sick. The chaos spawn gores you! The chaos spawn shocks you!
* * * LOW HITPOINT WARNING * * *
The kobold demonologist begins to cast a cantrip, but forgets the words!
Unknown command.
You closely miss the kobold demonologist.
The kobold demonologist is heavily wounded.
You closely miss the chaos spawn.
You feel sick. The chaos spawn gores you!
* * * LOW HITPOINT WARNING * * *
The chaos spawn shocks you!
You die...
Fedhas appreciates your contribution to the ecosystem.

#####################
.)..#..'..#__#..@45.#
.#..').#..'..'..#K5.#
###'#####'#__####5..+
##..#...#%#### ####
_####..##.#
____##'#_.+
.∩...'..._#
..__##_.#'#
____###+#.#


You could see a kobold demonologist, a chaos spawn (summoned), a quasit
(summoned), a crimson imp (summoned) and a white imp (summoned).

Vanquished Creatures
  A kobold demonologist (D)
  A slime creature (D)
  Sigmund (D)
  A yak (D)
  A floating eye (D)
  An ogre (D)
  A jelly (D)
  Ijyb (D)
8 creatures vanquished.

Notes
Turn   | Place    | Note
-------+----------+-------------------------------------------
     0 | D        | sircluck the Hill Orc Fighter began the quest for the Orb.
     0 | D        | Reached XP level 1. HP: 19/19 MP: 1/1
     1 | D        | Noticed Ijyb
    11 | D        | Killed Ijyb
    12 | D        | Reached skill level 5 in Fighting
    12 | D        | Reached XP level 2. HP: 29/29 MP: 2/2
    12 | D        | Reached XP level 3. HP: 36/36 MP: 3/3
    30 | D        | Noticed an ogre
    38 | D        | Killed an ogre
    39 | D        | Reached XP level 4. HP: 45/45 MP: 4/4
    50 | D        | Noticed Sigmund
    61 | D        | Killed Sigmund
    62 | D        | Reached XP level 5. HP: 42/53 MP: 5/5
    62 | D        | Reached XP level 6. HP: 49/61 MP: 6/6
   101 | D        | Found an ornate altar of the Wu Jian Council.
   101 | D        | Found a shimmering blue altar of Sif Muna.
   103 | D        | Found a radiant altar of Vehumet.
   139 | D        | Found Ablungir's Magic Scroll Emporium.
   139 | D        | Found an ancient bone altar of Kikubaaqudgha.
   139 | D        | Found a hazy altar of Hepliaklqana.
   139 | D        | Found a stormy altar of Qazlal.
   139 | D        | Found a hide-covered altar of Uskayaw.
   139 | D        | Found a blossoming altar of Fedhas.
   139 | D        | Found a bloodstained altar of Trog.
   139 | D        | Found an iron altar of Okawaru.
   139 | D        | Found a basalt altar of Yredelemnul.
   139 | D        | Found a glowing golden altar of the Shining One.
   139 | D        | Found a snail-covered altar of Cheibriados.
   139 | D        | Found a sacrificial altar of Ru.
   139 | D        | Found a glowing silver altar of Zin.
   139 | D        | Found a shadowy altar of Dithmenos.
   139 | D        | Found a white marble altar of Elyvilon.
   139 | D        | Noticed a yak
   143 | D        | Killed a yak
   144 | D        | Found an opulent altar of Gozag.
   145 | D        | Found a sparkling altar of Nemelex Xobeh.
   149 | D        | Became a worshipper of Fedhas Madash
   177 | D        | Found a burning altar of Makhleb.
   177 | D        | Found a viscous altar of Jiyva.
   177 | D        | Found a shimmering altar of Xom.
   177 | D        | Found a corrupted altar of Lugonu.
   177 | D        | Noticed a slime creature
   187 | D        | Killed a slime creature
   188 | D        | Reached skill level 10 in Fighting
   188 | D        | Reached skill level 10 in Axes
   188 | D        | Reached XP level 7. HP: 51/72 MP: 7/7
   366 | D        | Noticed a kobold demonologist
   366 | D        | Noticed a kobold demonologist
   368 | D        | Paralysed by a floating eye for 3 turns
   382 | D        | Noticed a chaos spawn
   382 | D        | Noticed a rust devil
   384 | D        | Killed a kobold demonologist
   384 | D        | Reached * piety under Fedhas
   385 | D        | Reached skill level 10 in Armour
   385 | D        | Reached skill level 10 in Shields
   385 | D        | Reached XP level 8. HP: 67/82 MP: 8/8
   396 | D        | Slain by a chaos spawn

Illustrated notes

Levels and vault maps discovered:
D:        dungeon_sprint_1 [red_sonja_temple_1, red_sonja_temple_small_1]

Skill      XL: |  1  2  3  4  5  6  7 |
---------------+----------------------+-----
Fighting       | 5 6 8 10 11 | 11.0
Axes           | 4 6 8 10 11 | 11.6
Armour         | 4 6 7 9 10 | 10.1
Shields        | 4 6 7 9 10 | 10.1

Action                     |  1- 3 |  4- 6 |  7- 9 || total
---------------------------+-------+-------+-------++-------
  Melee: Unarmed           |     9 |       |       ||     9
         War axe           |     7 |    25 |    27 ||    59
   Stab: Confused          |     2 |       |       ||     2
 Armour: Skin              |     2 |       |       ||     2
         Scale mail        |       |    11 |    30 ||    41
  Dodge: Dodged            |     8 |     6 |    14 ||    28
  Block: Buckler           |       |     3 |     7 ||    10

Table legend: (Time is in decaauts)
 A = Elapsed time spent in this place.
 B = Non-inter-level travel time spent in this place.
 C = Inter-level travel time spent in this place.
 D = Time resting spent in this place.
 E = Time spent auto-exploring this place.
 F = Levels seen in this place.
 G = Mean time per level.
                   A        B        C        D        E       F      G
               +--------+--------+--------+--------+--------+-----+--------+
         Total |    400 |    389 |     11 |    203 |     12 |   1 |  400.0 |
       Dungeon |    400 |    389 |     11 |    203 |     12 |   1 |  400.0 |
               +--------+--------+--------+--------+--------+-----+--------+

Top non-repeatable levels by time:
       D: 400 daAuts
